 Dungeon Crawl Stone Soup version 0.22.0-13-g43fe8f2 (webtiles) character file.

898 rgaf the Cleaver (level 8, -3/69 HPs)
             Began as a Naga Berserker on Aug 17, 2018.
             Was a Believer of Trog.
             Slain by an ice beast (9 damage)
             ... on level 5 of the Dungeon.
             The game lasted 00:02:40 (4525 turns).

rgaf the Cleaver (Naga Berserker)                   Turns: 4525, Time: 00:02:41

Health: -3/69      AC:  6    Str: 21    XL:     8   Next: 7%
Magic:  8/8        EV:  6    Int:  8    God:    Trog [**....]
Gold:   254        SH:  0    Dex: 11    Spells: 7/7 levels left

rFire    . . .     SeeInvis +   q - +0 war axe
rCold    . . .     Gourm    .   (no shield)
rNeg     . . .     Faith    .   t - +0 scale mail
rPois    +         Spirit   .   (no helmet)
rElec    .         Reflect  .   (no cloak)
rCorr    +         Harm     .   (no gloves)
MR       +....                  (no barding)
Stlth    ..........             (no amulet)
HPRegen  0.21/turn              n - ring of resist corrosion
MPRegen  0.11/turn              r - -2 ring of evasion (curse)

@: berserk cooldown, slowed, very slow
A: large, see invisible, deformed body, poison resistance, slowness 2, slow
metabolism 1, spit poison 1, AC +2
a: Spit Poison, Berserk, Trog's Hand, Renounce Religion


You were on level 5 of the Dungeon.
You worshipped Trog.
Trog was pleased with you.
You were hungry.

You visited 1 branch of the dungeon, and saw 5 of its levels.

You collected 254 gold pieces.

Inventory:

Hand Weapons
 a - a +0 hand axe
 q - a +0 war axe (weapon)
Armour
 b - a +0 animal skin
 t - a +0 scale mail (worn)
Jewellery
 n - a ring of resist corrosion (left hand)
 r - a cursed -2 ring of evasion (right hand)
Scrolls
 d - 7 scrolls of identify {unknown}
 f - 2 scrolls of fog {unknown}
 g - 2 scrolls of amnesia {unknown}
 i - a scroll of magic mapping {unknown}
 j - 3 scrolls of teleportation {unknown}
 l - 3 scrolls of remove curse {unknown}
Potions
 c - 4 potions of curing {unknown}
 h - 2 potions of resistance {unknown}
 k - 2 potions of heal wounds {unknown}
 m - a potion of lignification {unknown}
 o - a potion of brilliance {unknown}
 p - a potion of flight {unknown}
 s - a potion of haste {unknown}
Comestibles
 e - 9 rations
 u - 3 chunks of flesh


   Skills:
 - Level 3.0 Fighting
 + Level 9.4 Axes
 - Level 1.5 Armour
 - Level 1.5 Dodging


You had 7 spell levels left.
You didn't know any spells.
Your spell library was empty.

Dungeon Overview and Level Annotations

Branches:
Dungeon (5/15)             Temple (0/1) D:4

Altars:
Ashenzari
Hepliaklqana
Ru
Trog
Wu Jian
The Shining One


Innate Abilities, Weirdness & Mutations

You cannot wear boots.
Your serpentine skin is tough. (AC +2)
You have supernaturally acute eyesight. (SInv)
Armour fits poorly on your strangely shaped body.
Your system is resistant to poisons. (rPois)
You cover ground very slowly.
You have a slow metabolism.
You can spit poison.


Message History

The orc wizard gestures at you while chanting.
The puff of flame hits you!
You barely miss the ice beast.
The orc wizard miscasts a cantrip.
The ice beast hits you. The ice beast freezes you! The ice beast hits you.
The ice beast freezes you!
You closely miss the ice beast.
The ice beast hits you but does no damage.
The ice beast hits you. The ice beast freezes you!
You are too injured to fight recklessly!
You slash the ice beast!
The ice beast is heavily wounded.
The ice beast hits you but does no damage.
You are too injured to fight recklessly!
You closely miss the ice beast.
The ice beast is heavily wounded.
The ice beast barely misses you. The ice beast hits you.
* * * LOW HITPOINT WARNING * * *
The ice beast freezes you!
You die...

. .......###.....
........#...... .
............... ..
..##..... ....# ...
..##...##. #..# ....
..#....... #.### .....
#.#....######...##o.....
#..............)@Yo.....
........#######.##o.....
##...#.## #.# .....
##...#.#### #.# ....
#.)......... ... ...
.).####..### ##. .. .)##
#..# .. . .)# ...# ..
.## .#.#


You could see an ice beast, an orc wizard (invisible) and 2 orcs.

Vanquished Creatures
  Grinder (D:4)
  An ice beast (D:5)
  An ogre (D:5)
  A centaur (D:3)
  3 hounds (D:4)
  2 orc priests (D:5)
  2 orc wizards
  A bullfrog skeleton (D:5)
  An iguana (D:4)
  A worker ant (D:4)
  3 gnolls (D:5)
  7 adders
  A shadow imp (D:5)
  3 dart slugs
  6 orcs
  3 giant cockroaches
  7 goblins
  4 hobgoblins
  6 kobolds
  2 quokkas
  2 ball pythons
  4 bats
  2 frilled lizards
  A giant cockroach zombie (D:5)
  5 rats
70 creatures vanquished.

Notes
Turn   | Place    | Note
-------+----------+-------------------------------------------
     0 | D:1      | rgaf the Naga Berserker began the quest for the Orb.
     0 | D:1      | Reached XP level 1. HP: 21/21 MP: 1/1
   676 | D:2      | Reached XP level 2. HP: 18/28 MP: 2/2
   737 | D:2      | Found a sacrificial altar of Ru.
   743 | D:2      | Reached skill level 4 in Axes
   743 | D:2      | Reached XP level 3. HP: 29/34 MP: 3/3
   939 | D:2      | Reached XP level 4. HP: 40/42 MP: 4/4
  1137 | D:2      | Reached skill level 5 in Axes
  1831 | D:3      | Reached ** piety under Trog
  2041 | D:3      | Reached XP level 5. HP: 49/49 MP: 5/5
  2223 | D:3      | Found an ornate altar of the Wu Jian Council.
  2503 | D:3      | Noticed a centaur
  2526 | D:3      | Killed a centaur
  2526 | D:3      | Reached skill level 6 in Axes
  3069 | D:4      | Reached XP level 6. HP: 55/56 MP: 6/6
  3076 | D:4      | Found a glowing golden altar of the Shining One.
  3292 | D:4      | Reached skill level 7 in Axes
  3298 | D:4      | Found a shattered altar of Ashenzari.
  3597 | D:4      | Found a staircase to the Ecumenical Temple.
  3676 | D:4      | Noticed Grinder
  3679 | D:4      | Paralysed by Grinder for 4 turns
  3689 | D:4      | Paralysed by Grinder for 2 turns
  3698 | D:4      | Killed Grinder
  3698 | D:4      | Reached skill level 8 in Axes
  3698 | D:4      | Reached XP level 7. HP: 29/62 MP: 7/7
  3923 | D:4      | Found a hazy altar of Hepliaklqana.
  3944 | D:4      | Found a bloodstained altar of Trog.
  4102 | D:5      | Entered Level 5 of the Dungeon
  4371 | D:5      | Reached skill level 9 in Axes
  4381 | D:5      | Reached XP level 8. HP: 64/69 MP: 8/8
  4525 | D:5      | Slain by an ice beast

Skill      XL: |  1  2  3  4  5  6  7 |
---------------+----------------------+-----
Axes           | 4 5 6 8 9 |  9.4
Fighting       | |  3.0
Armour         | |  1.5
Dodging        | |  1.5

Action                   |  1- 3 |  4- 6 |  7- 9 || total
-------------------------+-------+-------+-------++-------
Melee: Hand axe          |    27 |    94 |       ||   121
       War axe           |       |    79 |    45 ||   124
Invok: Berserk           |     4 |     3 |     4 ||    11
 Stab: Paralysed         |     1 |       |       ||     1
       Sleeping          |       |     2 |       ||     2
  Eat: Chunk             |     2 |     6 |     3 ||    11
       Ration            |       |     1 |     1 ||     2
Armor: Animal skin       |     2 |    21 |       ||    23
       Scale mail        |       |    16 |    17 ||    33
Dodge: Dodged            |    14 |    88 |     8 ||   110
